[Event "GER-chT Youth Countries 2018"]
[Site "Wurzburg"]
[Date "2018.10.07"]
[Round "7"]
[White "Niermann, Tristan"]
[Black "Richter, Leonard"]
[Result "0-1"]
[ECO "E63"]
[WhiteElo "2307"]
[BlackElo "2322"]
[Annotator "NA"]
[PlyCount "108"]
[EventDate "2018.10.03"]
[EventType "team-tourn"]
[EventCountry "GER"]
[SourceTitle "playchess.com"]
[Source "ChessBase"]
[SourceQuality "1"]
[TimeControl "40/5400+30:1800+30"]

1. d4 Nf6 2. c4 g6 3. g3 Bg7 4. Bg2 O-O 5. Nc3 d6 6. Nf3 Nc6 7. O-O a6 8. b3 Rb8 9. d5 Na5 {[%emt 0:00:15] E63: King's Indian: Fianchetto: Panno Variation with 7...a6} 10. Bg5 (10. Bd2 c5 11. dxc6 Nxc6 12. Qc1 Bd7 13. Bh6 b5 14. Bxg7 Kxg7 15. cxb5 axb5 16. Qb2 Kg8 17. b4 Qb6 18. Rfd1 Rfc8 {½-½ (77) Inarkiev,E (2689)-Zhao,J (2604) Riadh 2017}) 10... c5 11. dxc6 bxc6 12. c5 {[%emt 0:02:31] LiveBook: 3 Games} d5 $146 ({Predecessor:} 12... h6 13. Bd2 d5 14. Bf4 Rb4 15. Be5 Bg4 16. Nd4 Re8 17. h3 {1-0 (61) Lingnau,C (2421)-Buchal,S (2347) Germany 2017}) 13. Rc1 Re8 14. Bf4 Rb7 15. Be5 Bh6 16. Bf4 (16. e3 $14) 16... Bxf4 17. gxf4 Bg4 18. Ne5 Qc8 19. Qd4 Bh3 20. Na4 Bxg2 21. Kxg2 Nh5 22. f3 f6 23. Ng4 e5 24. fxe5 fxe5 25. Nxe5 Qf5 26. Ng4 Rxe2+ 27. Rf2 Qf4 28. Qxf4 (28. Rd1 $1 $15 Rbe7 29. Nc3) 28... Nxf4+ 29. Kf1 Rbe7 30. Nc3 Rxf2+ 31. Nxf2 Re3 32. Ncd1 Rxf3 33. Rc3 Rxc3 34. Nxc3 Kf7 35. b4 (35. Ne2 $17 Ne6 36. Ng4) 35... Nc4 36. a4 (36. Ke1 $142) 36... Ne3+ 37. Kg1 d4 38. Nce4 Ne2+ (38... Ke6 $142 39. Nd6 Ke5) 39. Kh1 h6 40. b5 cxb5 41. axb5 axb5 42. Nd6+ Ke6 43. Nxb5 Kd5 44. Nd6 Kxc5 45. Nf7 h5 46. Nh3 d3 47. Nf2 Kd4 48. Nxd3 Kxd3 49. Ne5+ Ke4 50. Nxg6 Nf4 51. Ne7 Nh3 52. Ng8 Kf3 53. Nf6 Nd1 54. Nxh5 Ndf2# 0-1

[Event "GER-chT Youth Countries 2018"]
[Site "Wurzburg"]
[Date "2018.10.07"]
[Round "7"]
[White "Neukirchner, Pascal"]
[Black "Faerber, David"]
[Result "1-0"]
[ECO "D30"]
[WhiteElo "2294"]
[BlackElo "2279"]
[Annotator "NA"]
[PlyCount "51"]
[EventDate "2018.10.03"]
[EventType "team-tourn"]
[EventCountry "GER"]
[SourceTitle "playchess.com"]
[Source "ChessBase"]
[SourceQuality "1"]
[TimeControl "40/5400+30:1800+30"]

1. d4 d5 2. c4 e6 3. Nf3 a6 4. cxd5 exd5 5. Nc3 c6 {[%emt 0:00:43] D31: Queen's Gambit Declined: Semi-Slav without ...Nf6 (+ Marshall Gambit and Noteboom) and Exchange Variation lines without ...Nf6} (5... Nf6 6. Qb3 Be7 7. Bf4 O-O 8. e3 Bd6 9. Bg5 c6 10. Bd3 Re8 11. O-O Be7 12. Rae1 Nbd7 13. e4 Nb6 14. Bxf6 Bxf6 15. exd5 Rxe1 16. Rxe1 Nxd5 {½-½ (30) Dubov,D (2691)-Fedoseev,V (2707) Abu Dhabi 2018}) 6. Bf4 Bd6 7. Bxd6 Qxd6 8. e4 dxe4 9. Nxe4 {[%emt 0:00:21] LiveBook: 6 Games} Qe7 10. Qe2 Be6 11. Nc5 Nd7 $146 ({Predecessor:} 11... Nf6 12. Nxe6 fxe6 13. O-O-O {0-1 (20) Saravanan,V (2379)-Luther,T (2526) Cappelle-la-Grande 2008}) 12. Nxe6 fxe6 13. g3 O-O-O 14. Bh3 Qb4+ 15. Qd2 Qb5 16. Ng5 ({Resist} 16. Bxe6 $6 Ngf6 $11) 16... Nh6 (16... Nc5 $16) 17. Nxe6 ({Und nicht} 17. Bxe6 Rhe8 $11) 17... Rde8 18. O-O-O Kb8 (18... Qc4+ $16 {is a better defense.} 19. Qc2 Qxc2+ 20. Kxc2 g6) 19. Rhe1 Qh5 $2 (19... Rhg8 {is tougher.} 20. Kb1 Qd5) 20. Nxg7 Qxh3 21. Rxe8+ Rxe8 22. Nxe8 Qxh2 23. Qf4+ Ka7 $18 24. Qc7 Nb6 25. Nd6 Nd5 26. Qxb7# 1-0

[Event "GER-chT Youth Countries 2018"]
[Site "Wurzburg"]
[Date "2018.10.07"]
[Round "7"]
[White "Svane, Frederik"]
[Black "Philipp, Mathias"]
[Result "1-0"]
[ECO "C03"]
[WhiteElo "2287"]
[BlackElo "2076"]
[Annotator "NA"]
[PlyCount "145"]
[EventDate "2018.10.03"]
[EventType "team-tourn"]
[EventCountry "GER"]
[SourceTitle "playchess.com"]
[Source "ChessBase"]
[SourceQuality "1"]
[TimeControl "40/5400+30:1800+30"]

1. e4 e6 2. d4 d5 3. Nd2 Be7 4. Bd3 c5 5. Ngf3 Nf6 6. dxc5 dxe4 7. Nxe4 Nxe4 8. Bxe4 Qxd1+ 9. Kxd1 Bxc5 10. Ke2 Nc6 {[%emt 0:01:02] C03: French Tarrasch: Unusual Black 3rd moves} (10... Nd7 11. Be3 Bxe3 12. Kxe3 Nc5 13. Rhd1 Ke7 14. Bd3 f6 15. Bc4 Bd7 16. b4 Na4 17. Rxd7+ Kxd7 18. Bb5+ {½-½ (52) Svidler,P (2753)-Yu,Y (2759) Shenzhen 2018}) 11. Be3 Bxe3 12. Kxe3 Ke7 $146 ({Predecessor:} 12... f6 13. Rhd1 Ke7 14. Bxc6 bxc6 15. Nd4 Bd7 16. Nb3 Rab8 17. Rd2 Rb5 18. f4 g5 19. fxg5 Rxg5 20. Rad1 {½-½ (20) Sudakova,I (2330)-Molchanova,T (2359) Dagomys 2008}) 13. Rhd1 Bd7 14. Rd2 f6 15. Rad1 Rad8 16. c4 Na5 17. b3 Bc6 ({Black should try} 17... Nc6 $14) 18. Rxd8 Rxd8 19. Rxd8 Kxd8 20. Bxh7 e5 21. g3 Ke7 22. Nh4 Bd7 23. Be4 Nc6 24. f4 exf4+ 25. gxf4 g5 (25... Kd6 $16 26. a3 Na5) 26. Nf3 g4 27. Nd4 Kd6 28. a3 a5 29. Kd3 Bc8 (29... Kc5 $142 30. Kc3 Nxd4 31. b4+ axb4+ 32. axb4+ Kd6) 30. Kc3 Ne7 31. b4 axb4+ 32. axb4 f5 33. Bd3 b6 34. Nb5+ Ke6 35. Nd4+ Kd6 36. Kd2 Bd7 37. Ke3 Bc8 38. Nc2 Bd7 $11 {[%emt 0:01:09] und Schwarz steht sicher.} 39. Kd4 Nc6+ 40. Kc3 Ne7 41. Kd2 (41. Ne3 $16) 41... Ng6 {[%emt 0:05:32] [#]} 42. Ke3 ({White should play} 42. Ne3 $1 $16 Nxf4 43. Nxf5+ Ke5 44. Ne3) 42... Nh4 $2 43. Ne1 Ng6 44. Bf1 Be6 {[%emt 0:03:10] [#]} 45. Nc2 $1 Bd7 46. Nd4 Bc8 47. h3 gxh3 48. Bxh3 Ne7 49. Bf1 Bd7 50. Bd3 Bc8 51. Kf2 Bd7 52. Kg3 Nc6 {[%emt 0:01:32] [#]} (52... Kc7 $142 53. Kh4 Kd8) 53. Nxc6 $1 Kxc6 54. Kh4 Be6 55. Kg3 $2 (55. Kh5 $18 Kd6 56. Kg6) 55... Bd7 56. Kf2 Kd6 57. Ke3 Bc8 58. Kd4 Bd7 59. c5+ bxc5+ 60. bxc5+ Kc6 61. Bc4 Bc8 62. Bd5+ Kb5 63. c6 Kb6 64. Ke5 Kc7 65. Be6 Ba6 66. Bd7 Bd3 67. Bxf5 Bf1 68. Bd7 Bg2 69. f5 Bh3 70. f6 Bxd7 71. cxd7 Kxd7 72. Kf5 Ke8 73. Ke6 1-0

[Event "GER-chT Youth Countries 2018"]
[Site "Wurzburg"]
[Date "2018.10.07"]
[Round "7"]
[White "Urban, Konstantin"]
[Black "Browning, Alex"]
[Result "1-0"]
[ECO "B96"]
[WhiteElo "2279"]
[BlackElo "2150"]
[Annotator "ChessBase"]
[PlyCount "75"]
[EventDate "2018.10.03"]
[EventType "team-tourn"]
[EventCountry "GER"]
[SourceTitle "playchess.com"]
[Source "ChessBase"]
[SourceQuality "1"]
[TimeControl "40/5400+30:1800+30"]

1. e4 c5 2. Nf3 d6 3. d4 cxd4 4. Nxd4 Nf6 5. Nc3 a6 6. Bg5 e6 7. f4 h6 8. Bh4 Qb6 9. a3 Be7 10. Bf2 Qc7 11. Be2 b5 12. Bf3 Bb7 13. Qe2 Nbd7 14. O-O-O O-O 15. g4 d5 16. e5 Ne4 17. Nxe4 dxe4 18. Bxe4 Bxe4 19. Qxe4 Rfc8 20. h4 b4 21. axb4 Bxb4 22. Rh3 Nc5 23. Qe2 a5 24. Kb1 a4 25. Qc4 a3 26. Qxb4 axb2 27. Ra3 Ne4 28. Be1 Rab8 29. Qa5 Qc4 30. Qa6 Qd5 31. Qd3 Nc5 32. Qf3 Rd8 33. Qxd5 Rxd5 34. Ra2 Rbd8 35. c3 Rc8 36. Kxb2 Nb7 37. Kc2 Na5 38. Nf5 1-0

[Event "GER-chT Youth Countries 2018"]
[Site "Wurzburg"]
[Date "2018.10.07"]
[Round "7"]
[White "Pallas, Sebastian"]
[Black "Polster, Christian"]
[Result "0-1"]
[ECO "B08"]
[WhiteElo "2278"]
[BlackElo "2294"]
[Annotator "ChessBase"]
[PlyCount "64"]
[EventDate "2018.10.03"]
[EventType "team-tourn"]
[EventCountry "GER"]
[SourceTitle "playchess.com"]
[Source "ChessBase"]
[SourceQuality "1"]
[TimeControl "40/5400+30:1800+30"]

1. e4 g6 2. d4 Bg7 3. Nf3 d6 4. h3 Nf6 5. Nc3 c6 6. a4 O-O 7. Be2 Nbd7 8. O-O e5 9. dxe5 dxe5 10. Qd6 Re8 11. Bg5 h6 12. Bh4 g5 13. Bg3 Nh5 14. Bc4 Nf4 15. Rad1 Bf8 16. Qd2 Qf6 17. Nh2 Bb4 18. Bxf4 exf4 19. Ng4 Qg7 20. Qd4 h5 21. Nh2 Qxd4 22. Rxd4 Bc5 23. Rd2 Ne5 24. Be2 g4 25. Kh1 Be6 26. hxg4 hxg4 27. g3 f3 28. Bd3 Kg7 29. Nd1 Rad8 30. b3 Bb4 31. c3 Be7 32. Nb2 Ba3 0-1

[Event "GER-chT Youth Countries 2018"]
[Site "Wurzburg"]
[Date "2018.10.07"]
[Round "7"]
[White "Karsay, Pascal"]
[Black "Weller, Uli"]
[Result "1-0"]
[ECO "B31"]
[WhiteElo "2261"]
[BlackElo "2123"]
[Annotator "NA"]
[PlyCount "59"]
[EventDate "2018.10.03"]
[EventType "team-tourn"]
[EventCountry "GER"]
[SourceTitle "playchess.com"]
[Source "ChessBase"]
[SourceQuality "1"]
[TimeControl "40/5400+30:1800+30"]

1. Nf3 c5 2. e4 Nc6 3. Bb5 g6 4. O-O Bg7 5. Re1 e5 6. b4 cxb4 7. a3 {[%emt 0:01:35] LiveBook: 59 Games} Nge7 8. axb4 O-O 9. d3 {[%emt 0:03:37] B31: Sicilian: 2...Nc6 3 Bb5 g6} d6 10. c3 h6 11. Bc4 Kh7 12. Nbd2 f5 13. Qb3 (13. b5 $16 Na5 14. Ba3) 13... g5 14. h3 $146 (14. b5 $14 Na5 15. Qb4 Nxc4 16. Nxc4) ({Predecessor:} 14. Nf1 f4 15. Qa2 Ng6 16. b5 Nce7 17. Ba3 g4 18. N3d2 Nh4 19. Be6 Neg6 20. Red1 Nxg2 21. Kxg2 Qh4 22. f3 Qh3+ 23. Kf2 Bxe6 {0-1 (23) Grund,H (2482)-Renner,C (2442) Germany 2000}) 14... Ng6 ({Black should play} 14... g4 $11 15. hxg4 fxg4) 15. exf5 Bxf5 16. Ne4 Bf6 17. Be3 Be7 (17... Nce7 $16 {war einen Versuch wert.}) 18. Bd5 Qd7 19. Ng3 Bxh3 $2 (19... Bxd3 20. c4 Bf5 21. Nxf5 Qxf5) 20. gxh3 Qxh3 21. Be6 g4 22. Nh2 ({Nicht} 22. Bf5 Rxf5 23. Nxf5 Rf8 $15) 22... Nh4 23. Qd5 Rf3 24. Qxf3 Nxf3+ 25. Nxf3 h5 (25... Rf8 $142) 26. Bg5 Kg6 $2 (26... Rf8) 27. b5 Bxg5 $18 (27... Rf8 $142) 28. Bf7+ Kg7 29. Nxg5 Qh4 30. Nf5+ {Kg6} 1-0

[Event "GER-chT Youth Countries 2018"]
[Site "Wurzburg"]
[Date "2018.10.07"]
[Round "7"]
[White "Nguyen, Alex Dac-Vuong"]
[Black "Wagner, Leopold Franziskus"]
[Result "1-0"]
[ECO "B13"]
[WhiteElo "2240"]
[BlackElo "1934"]
[Annotator "NA"]
[PlyCount "95"]
[EventDate "2018.10.03"]
[EventType "team-tourn"]
[EventCountry "GER"]
[SourceTitle "playchess.com"]
[Source "ChessBase"]
[SourceQuality "1"]
[TimeControl "40/5400+30:1800+30"]

1. e4 c6 2. d4 d5 3. exd5 cxd5 4. c4 Nf6 5. Nc3 Nc6 6. Bg5 Ne4 7. cxd5 Nxc3 8. bxc3 Qxd5 9. Bf4 g6 10. Nf3 Bg7 11. Be2 O-O 12. O-O {[%emt 0:00:38] LiveBook: 3 Games} Bg4 $146 {[%emt 0:03:32] D91: Grünfeld: 4 Nf3 Bg7 5 Bg5} ({Predecessor:} 12... Qa5 13. Qb3 e5 14. Nxe5 Nxe5 15. Bxe5 Bxe5 16. dxe5 Qxe5 17. Bf3 Be6 18. Qxb7 Qxc3 19. Qxa8 Rxa8 20. Bxa8 {1-0 (46) Prohaszka,P (2599)-Bromberger,S (2526) Austria 2015}) 13. Re1 Na5 14. Qa4 Rac8 15. Rab1 Bd7 16. Qb4 e6 17. Ne5 Bxe5 ({Better is} 17... Nc6 $11 18. Qxb7 Bxe5 19. dxe5 Rb8 $11) 18. Bxe5 Nc6 19. Qxb7 Nxe5 20. Qxd5 $1 ({Wrong is} 20. dxe5 $2 Bc6 $19) 20... exd5 21. dxe5 Rxc3 22. Rbd1 Be6 23. Rd2 Rfc8 24. Bd1 a5 25. Bb3 Kf8 26. Red1 ({Not} 26. Bxd5 $2 Rd8 $19) 26... Rc1 27. Kf1 Rxd1+ 28. Rxd1 Rc5 29. Rd4 Ke7 30. f4 Rc1+ 31. Kf2 f6 32. Ra4 Rc5 33. Ke3 fxe5 34. fxe5 Kd7 35. Rh4 h5 36. Rd4 Ke7 37. h4 Kf7 38. Rf4+ Ke7 39. Rd4 Rb5 40. g3 Bg8 41. Kf4 Ke6 $2 (41... Bf7 $11) 42. Rxd5 Rxd5 (42... g5+ $142 43. Ke4 Bh7+ 44. Kd4 Rxd5+ 45. Bxd5+ Ke7 46. hxg5 Bb1) 43. Ke4 Bh7 44. Bxd5+ Ke7 45. Kf4 Kf8 46. Kg5 Kg7 $18 47. a3 a4 48. Bc4 1-0

[Event "GER-chT Youth Countries 2018"]
[Site "Wurzburg"]
[Date "2018.10.07"]
[Round "7"]
[White "Hartge, Gedeon"]
[Black "Schulze, Lara"]
[Result "1/2-1/2"]
[ECO "E49"]
[WhiteElo "2214"]
[BlackElo "2122"]
[Annotator "NA"]
[PlyCount "81"]
[EventDate "2018.10.03"]
[EventType "team-tourn"]
[EventCountry "GER"]
[SourceTitle "playchess.com"]
[Source "ChessBase"]
[SourceQuality "1"]
[TimeControl "40/5400+30:1800+30"]

1. d4 Nf6 2. c4 e6 3. Nc3 Bb4 4. e3 O-O 5. Bd3 d5 6. a3 Bxc3+ 7. bxc3 c5 8. cxd5 exd5 9. Ne2 b6 10. O-O Ba6 11. f3 Bxd3 12. Qxd3 Re8 13. Ng3 Nc6 14. Bb2 h5 {[%emt 0:19:56] E49: Nimzo-Indian: Rubinstein: 5 Bd3 d5 6 a3 Bxc3+ 7 bxc3} 15. Rae1 {[%emt 0:04:34] LiveBook: 21 Games} g6 16. Nh1 {[%emt 0:10:29] [#]} Qc7 $146 ({Predecessor:} 16... Rc8 17. Nf2 Qc7 18. Re2 cxd4 19. cxd4 Nd8 20. Rc1 Qd7 21. Rxc8 Qxc8 22. e4 {1-0 (53) Berkes,F (2668)-Kovacevic,A (2512) Hungary 2014}) 17. e4 dxe4 18. fxe4 Ng4 {[%emt 0:00:18] [#]} 19. e5 $1 Rad8 {[%emt 0:01:47] [#]} 20. Qg3 $1 cxd4 21. cxd4 Nxd4 (21... Kh7 $16) 22. Bxd4 Rxd4 23. e6 $1 Qxg3 ({Don't go for} 23... Re7 $2 24. Qxc7 Rxc7 25. e7 $18) 24. exf7+ Kh7 25. Nxg3 ({Worse is} 25. hxg3 Rf8 $17) 25... Rf8 26. Re7 (26. h3 $16) 26... Kg7 $1 27. Rxa7 Nh6 28. Rb7 Rxf7 29. Rfxf7+ Nxf7 30. Rxb6 Ne5 31. Rb1 h4 32. Nf1 h3 33. Rb7+ Kh6 34. Ra7 Rg4 35. Ng3 hxg2 36. Kxg2 Rc4 37. Nf1 Rg4+ 38. Ng3 Rc4 39. Nf1 Rg4+ 40. Kf2 Rf4+ $11 41. Kg2 1/2-1/2

[Event "GER-chT Youth Countries 2018"]
[Site "Wurzburg"]
[Date "2018.10.07"]
[Round "7"]
[White "Degenhard, Simon"]
[Black "Riehle, Marco"]
[Result "0-1"]
[ECO "D41"]
[WhiteElo "2207"]
[BlackElo "2265"]
[Annotator "NA"]
[PlyCount "110"]
[EventDate "2018.10.03"]
[EventType "team-tourn"]
[EventCountry "GER"]
[SourceTitle "playchess.com"]
[Source "ChessBase"]
[SourceQuality "1"]
[TimeControl "40/5400+30:1800+30"]

1. Nf3 Nf6 2. d4 d5 3. c4 e6 4. Nc3 c5 5. cxd5 Nxd5 6. g3 Nc6 7. Bg2 Be7 8. O-O {[%emt 0:00:36] LiveBook: 729 Games} O-O 9. e4 Nxc3 10. bxc3 b6 11. Bb2 {[%emt 0:07:06] D41: Queen's Gambit Declined: Semi-Tarrasch with 5 cxd5} (11. d5 Na5 12. Qc2 exd5 13. exd5 Nc4 14. Bf4 Nd6 15. Ne5 Bf5 16. Qc1 Bf6 17. Re1 h6 18. h4 Re8 19. g4 {½-½ (73) Neef,M (2453)-Jakubowski,K (2529) Germany 2018}) 11... Bb7 12. Rc1 $146 ({Predecessor:} 12. Qe2 cxd4 13. cxd4 Rc8 14. Rad1 Nb4 15. a3 Ba6 16. Qe3 Bxf1 17. Bxf1 Nc6 18. Ba6 Rc7 {1-0 (71) Kahlert,T (2192)-Simon,M (1985) Nuremberg 2006}) 12... Na5 13. Qd3 b5 14. Nd2 a6 15. f4 (15. Qe3 $11) 15... c4 ({Black should try} 15... Qb6 $15) 16. Qe2 f5 17. Rce1 Bd6 18. g4 fxe4 ({Better is} 18... Qd7 $14) 19. Nxe4 Bxf4 {[%emt 0:04:41] [#]} (19... Rxf4 $142 20. Nxd6 Rxf1+ 21. Bxf1 (21. Rxf1 Qxd6 22. Bxb7 Nxb7 $11) 21... Qxd6) 20. Nc5 $2 ({White must play} 20. Ba3 $1 $18 Qh4 21. Ng3 Bxg3 22. Rxf8+ Rxf8 23. hxg3 Qxg3 24. Bxf8 Kxf8 25. Qf2+ Qxf2+ 26. Kxf2) 20... Bxg2 21. Qxg2 Qd6 22. Rxf4 Qxf4 23. Nxe6 Qd6 24. Nxf8 Rxf8 25. Qe4 Kh8 26. Rf1 Rxf1+ 27. Kxf1 h6 28. Kg2 Nc6 29. Bc1 ({White should try} 29. Ba3 $11 Qxa3 30. Qe8+ Kh7 31. Qe4+ g6 32. Qxc6) 29... Ne7 30. Qa8+ Kh7 31. Qe4+ Kg8 32. Bf4 Qd5 33. Kf3 Kf7 34. Ke3 Qxe4+ 35. Kxe4 Ke6 36. h4 Nd5 37. Bd2 Nf6+ 38. Kf4 Kd5 39. a3 Ne4 40. Be1 $1 g6 41. Kf3 a5 42. Ke3 (42. h5 $15 g5 43. Ke2) 42... a4 43. Bd2 h5 44. gxh5 gxh5 45. Be1 Nd6 46. Bf2 $2 {[%emt 0:03:58] [#]} (46. Kd2 Ke4 47. Bg3) 46... b4 $1 47. cxb4 Nb5 48. Kd2 Nxa3 49. Kc3 Nb5+ 50. Kb2 c3+ 51. Kc2 Kc4 52. d5 a3 53. d6 a2 54. d7 a1=Q 55. d8=Q Na3# 0-1

[Event "GER-chT Youth Countries 2018"]
[Site "Wurzburg"]
[Date "2018.10.07"]
[Round "7"]
[White "Leeb, Simon"]
[Black "Muckle, Julius"]
[Result "1-0"]
[ECO "D11"]
[WhiteElo "2203"]
[BlackElo "2348"]
[Annotator "ChessBase"]
[PlyCount "83"]
[EventDate "2018.10.03"]
[EventType "team-tourn"]
[EventCountry "GER"]
[SourceTitle "playchess.com"]
[Source "ChessBase"]
[SourceQuality "1"]
[TimeControl "40/5400+30:1800+30"]

1. d4 d5 2. c4 c6 3. Nf3 Nf6 4. e3 Bg4 5. Nc3 e6 6. h3 Bh5 7. g4 Bg6 8. Nh4 dxc4 9. Bxc4 Nbd7 10. Qb3 Be4 11. Rg1 b5 12. Be2 Nd5 13. Nxe4 Qxh4 14. Bd2 Be7 15. Rc1 O-O 16. Rxc6 Rac8 17. Rxc8 Rxc8 18. Ng3 a6 19. Nf5 Qxh3 20. Ng3 Bd6 21. e4 Bxg3 22. exd5 Bxf2+ 23. Kxf2 Qh4+ 24. Qg3 Qf6+ 25. Qf4 Qh4+ 26. Kg2 exd5 27. Bd3 g6 28. Rh1 Qe7 29. a3 f6 30. Re1 Qf7 31. Qd6 Re8 32. Rxe8+ Qxe8 33. Qxd5+ Kg7 34. a4 Nf8 35. axb5 axb5 36. Bxb5 Qc8 37. Qe4 Ne6 38. d5 Nd8 39. Be8 Qc7 40. Bb4 Qb6 41. Qe7+ Kh6 42. Bd2+ 1-0

[Event "GER-chT Youth Countries 2018"]
[Site "Wurzburg"]
[Date "2018.10.07"]
[Round "7"]
[White "Nguyen, Huy Dat"]
[Black "Kololli, Martin"]
[Result "1-0"]
[ECO "C30"]
[WhiteElo "2194"]
[BlackElo "2331"]
[Annotator "ChessBase"]
[PlyCount "55"]
[EventDate "2018.10.03"]
[EventType "team-tourn"]
[EventCountry "GER"]
[SourceTitle "playchess.com"]
[Source "ChessBase"]
[SourceQuality "1"]
[TimeControl "40/5400+30:1800+30"]

1. e4 e5 2. f4 d6 3. Bc4 Nf6 4. Nc3 Nc6 5. Nf3 Be7 6. d4 exd4 7. Nxd4 O-O 8. O-O d5 9. Nxc6 bxc6 10. exd5 Bc5+ 11. Kh1 Ng4 12. Ne4 Bb6 13. f5 Qh4 14. Bf4 Nf2+ 15. Rxf2 Bxf2 16. Qf3 Bxf5 17. Nxf2 Bxc2 18. Rc1 Qe7 19. h3 Bg6 20. dxc6 Rfe8 21. Qg3 Qf6 22. b3 Rad8 23. Bxc7 Rc8 24. Ng4 Qb2 25. Rf1 Qxa2 26. Bxf7+ Bxf7 27. Nh6+ Kf8 28. Rxf7# 1-0

[Event "GER-chT Youth Countries 2018"]
[Site "Wurzburg"]
[Date "2018.10.07"]
[Round "7"]
[White "Schmider, Niklas"]
[Black "Krastev, Alexander"]
[Result "0-1"]
[ECO "C77"]
[WhiteElo "2190"]
[BlackElo "2298"]
[Annotator "NA"]
[PlyCount "70"]
[EventDate "2018.10.03"]
[EventType "team-tourn"]
[EventCountry "GER"]
[SourceTitle "playchess.com"]
[Source "ChessBase"]
[SourceQuality "1"]
[TimeControl "40/5400+30:1800+30"]

1. e4 e5 2. Nf3 Nc6 3. Bb5 a6 4. Ba4 Nf6 5. d3 b5 6. Bb3 Bc5 7. Nc3 d6 {[%emt 0:01:53] C77: Ruy Lopez: 3...a6 4 Ba4 Nf6, unusual lines} 8. Nd5 h6 9. c3 (9. O-O O-O 10. Be3 Bxe3 11. fxe3 Na5 12. Nxf6+ Qxf6 13. Bd5 c6 14. Nd4 Qg5 15. Nxc6 Nxc6 16. Bxc6 Qxe3+ {½-½ (32) Anand,V (2760)-Mamedyarov,S (2808) Stavanger 2018}) 9... Be6 10. O-O Bxd5 11. exd5 Ne7 12. d4 {[%emt 0:04:32] LiveBook: 13 Games} exd4 13. Nxd4 Qd7 {[%emt 0:00:04] [#]} 14. Be3 $146 ({Predecessor:} 14. Ne2 O-O 15. a4 {½-½ (38) Kasimdzhanov,R (2676)-Fressinet,L (2657) Douglas 2017}) 14... O-O 15. Nc2 Nf5 16. Bf4 (16. Bd4 $11 Bxd4 17. Nxd4) 16... Rae8 17. Qf3 ({White should play} 17. Re1 $15) 17... Re4 18. Rae1 Rfe8 ({Better is} 18... Nh4 19. Qg3 g5 20. Bxg5 Nh5 21. Qxh4 Rxh4 22. Bxh4 Qg4) 19. g3 {[%emt 0:10:52] [#]} Nh4 $1 20. gxh4 Qf5 21. Rxe4 Rxe4 22. Ne3 Qxf4 23. Qxf4 Rxf4 24. Re1 Rxh4 25. Ng2 Rh5 26. Nf4 Rf5 27. Nd3 Bb6 28. c4 Ng4 29. Re2 Kf8 30. cxb5 axb5 31. a4 bxa4 32. Bxa4 Nf6 33. Bc6 g6 34. Nb4 Rf4 35. Nc2 $19 Ne4 0-1

[Event "GER-chT Youth Countries 2018"]
[Site "Wurzburg"]
[Date "2018.10.07"]
[Round "7"]
[White "Goldbeck, Lars"]
[Black "Keyser, Robin"]
[Result "1/2-1/2"]
[ECO "D11"]
[WhiteElo "2184"]
[BlackElo "1999"]
[Annotator "NA"]
[PlyCount "111"]
[EventDate "2018.10.03"]
[EventType "team-tourn"]
[EventCountry "GER"]
[SourceTitle "playchess.com"]
[Source "ChessBase"]
[SourceQuality "1"]
[TimeControl "40/5400+30:1800+30"]

1. d4 Nf6 2. Nf3 d5 3. c4 c6 4. e3 Bg4 5. h3 Bh5 6. g4 {[%emt 0:00:50] D11: Slav Defence: 3 Nf3 sidelines and 3...Nf6 4 e3 Bg4} (6. Nc3 e6 7. g4 Bg6 8. Ne5 Nbd7 9. Nxg6 hxg6 10. g5 Ng8 11. h4 Bb4 12. Qb3 Bxc3+ 13. bxc3 Ne7 14. Ba3 Nb6 15. Bxe7 Qxe7 {½-½ (85) Ding,L (2774)-Carlsen,M (2837) Saint Louis 2017}) 6... Bg6 7. Ne5 Nbd7 8. Nxg6 hxg6 9. Nd2 e6 10. Bg2 Be7 11. g5 Ne4 $146 ({Predecessor:} 11... Nh5 12. h4 Qa5 13. O-O Qc7 {1-0 (63) Rogozenco,T (2096)-Groetzbach,D (2037) Lueneburg 2015}) 12. Nxe4 dxe4 13. h4 Qa5+ 14. Bd2 Qf5 15. Qc2 O-O-O 16. Qxe4 Qxe4 17. Bxe4 Rh7 18. Ke2 Rdh8 19. f4 Rxh4 20. Rxh4 Rxh4 21. Rh1 Rxh1 22. Bxh1 f6 23. e4 e5 24. fxe5 fxe5 {[%emt 0:00:12] [#]} 25. d5 $1 Kc7 26. b4 c5 $1 {[%emt 0:01:31] [#]} 27. a3 $1 b6 (27... a6 $14) 28. Bg2 Nf8 {[%emt 0:01:40] [#]} 29. Kf3 $1 Nh7 30. Kg4 Bd8 31. Bf3 Kd6 32. Bd1 Nf8 33. Ba4 Bc7 34. Be3 Bd8 35. Bb5 a5 36. bxc5+ bxc5 $1 37. Be8 ({White should try} 37. Ba4 $18) 37... Ke7 38. Bc6 Kd6 $11 39. Kh4 Bb6 40. Kh3 Bc7 41. Kg4 $2 (41. Be8 $18) 41... Bb6 $2 42. Bb5 $2 Bd8 43. Ba6 Bb6 44. Bb5 (44. Bf2 $18) 44... Bd8 45. Bc6 $2 Bb6 46. Bd2 Bd8 47. Kg3 Nh7 48. Be8 Nf8 49. Bf7 Ke7 50. Bg8 a4 51. Kf3 Kd6 52. Ke2 Bb6 $14 53. Kd3 Ke7 54. Ke3 Kd6 55. Kf3 Ke7 56. Ke3 1/2-1/2

[Event "GER-chT Youth Countries 2018"]
[Site "Wurzburg"]
[Date "2018.10.07"]
[Round "7"]
[White "Garbuz, Vitaliy"]
[Black "Wong, Gengchun"]
[Result "1/2-1/2"]
[ECO "B50"]
[WhiteElo "2182"]
[BlackElo "2194"]
[Annotator "ChessBase"]
[PlyCount "78"]
[EventDate "2018.10.03"]
[EventType "team-tourn"]
[EventCountry "GER"]
[SourceTitle "playchess.com"]
[Source "ChessBase"]
[SourceQuality "1"]
[TimeControl "40/5400+30:1800+30"]

1. e4 c5 2. Nf3 d6 3. c3 Nf6 4. h3 Nbd7 5. Bd3 g6 6. Bc2 Bg7 7. d4 e5 8. O-O O-O 9. Re1 Re8 10. dxe5 dxe5 11. Na3 Qe7 12. Nc4 Rd8 13. Qd6 Qxd6 14. Nxd6 Bf8 15. Nc4 Re8 16. Bg5 Nh5 17. Ba4 f6 18. Rad1 Re7 19. g4 fxg5 20. gxh5 gxh5 21. Bb3 Kh8 22. Nd6 h6 23. Nf5 Rh7 24. Be6 a5 25. Bxd7 Rxd7 26. Nxe5 Rxd1 27. Rxd1 Bxf5 28. exf5 Kg7 29. Nd7 Ra6 30. Rd5 Rd6 31. c4 Rxd5 32. cxd5 Bd6 33. a4 Kf7 34. Kf1 Ke7 35. Nb6 Kf6 36. Nc4 Bc7 37. Ne3 Bf4 38. Nc4 Bc7 39. Ne3 Bf4 1/2-1/2